 Dungeon Crawl Stone Soup version 0.31-a0-344-gd109795599 (webtiles) character file.

Game seed: 13681861552754806516

26 GordonOverkill the Sneak (level 2, -1/24 HPs)
             Began as a Mummy Delver on July 22, 2023.
             Slain by an iguana (5 damage)
             ... on level 5 of the Dungeon.
             The game lasted 00:04:33 (1086 turns).

GordonOverkill the Sneak (Mummy Delver)             Turns: 1086, Time: 00:04:33

Health: -1/24      AC:  3    Str: 15    XL:     2   Next: 89%
Magic:  2/2        EV: 11    Int:  9    God:
Gold:   30         SH:  0    Dex: 13    Spells: 1/1 levels left

rFire   x . .        a - +0 short sword
rCold   + . .        (no shield)
rNeg    + + +        b - +0 leather armour
rPois   ∞            (no helmet)
rElec   .            (no cloak)
rCorr   .            (no gloves)
SInv    .            (no boots)
Will    .....        (no amulet)
Stlth   ++           (no ring)
HPRegen 0.24/turn    (no ring)
MPRegen 0.08/turn

%: faith
@: no status effects
A: cold resistance 1, negative energy resistance 3, torment resistance 2, heat
vulnerability 1, no potions, faith
a: no special abilities


You were on level 5 of the Dungeon.
You visited 1 branch of the dungeon, and saw 2 of its levels.
You also visited: Sewer.

You collected 30 gold pieces.

Inventory:

Hand Weapons
 a - a +0 short sword (weapon)
 g - a +0 rapier
Armour
 b - a +0 leather armour (worn)
Wands
 f - a wand of digging (3)
Scrolls
 c - a scroll of fog


   Skills:
 - Level 3.0 Fighting
 + Level 2.3 Short Blades
 - Level 1.5 Dodging
 + Level 4.5 Stealth


You had one spell level left.
You didn't know any spells.
Your spell library contained the following spells:

 Spells                   Type           Power      Damage    Failure   Level
 Blink                    Tloc           0%         N/A       58%         2
 Manifold Assault         Tloc           0%         N/A       99%         4


Dungeon Overview and Level Annotations

Branches:
Dungeon (6/15)              Sewer (visited)
 Temple: D:4-7

Altars:

Annotations:
D:5 exclusions: downstairs, phantom and 2 scorpions


Innate Abilities, Weirdness & Mutations

You are immune to poison.
Your flesh is cold resistant. (rC+)
You are immune to negative energy. (rN+++)
You are immune to unholy pain and torment.
You are vulnerable to heat. (rF-)
You do not drink.
You have a special connection with the divine. (Faith)


Message History

There is a stone staircase leading up here.
The iguana barely misses you.
You climb upwards.
Level annotation: exclusions: downstairs, phantom and 2 scorpions
There is a stone staircase leading down here.
You hit the iguana but do no damage.
The iguana bites you but does no damage.
You barely miss the iguana. The iguana barely misses you.
You hit the iguana.
The iguana is lightly wounded.
The iguana closely misses you.
You hit the iguana.
The iguana is moderately wounded.
The iguana bites you but does no damage.
You closely miss the iguana.
The iguana is moderately wounded.
The iguana barely misses you.
You hit the iguana but do no damage.
The iguana is moderately wounded.
You hit the iguana but do no damage.
The iguana is moderately wounded.
The iguana closely misses you.
You hit the iguana.
The iguana is heavily wounded.
The iguana closely misses you.
You hit the iguana but do no damage.
The iguana is heavily wounded.
The iguana bites you.
* * * LOW HITPOINT WARNING * * *
You hit the iguana but do no damage.
The iguana is heavily wounded.
The iguana bites you!
* * * LOW HITPOINT WARNING * * *
You hit the iguana but do no damage.
The iguana is heavily wounded.
The iguana bites you but does no damage.
You barely miss the iguana.
The iguana is heavily wounded.
The iguana bites you.
You die...

#....#.#.########
#....#.#.........
#..[.'.#.#######.
####....#.#^#######.
#......##.#.#.......
#......##.#.#.......
##......##.#.#.......
##............#.......
#....@l...............
##.......#............
##...................
####..##...#........
#..##...#...##.#.
#................
*#.##...#...##...
*##*,.,,,.......
*******,,,*,,.##...


You could see an iguana.

Vanquished Creatures
  A white imp (D:5)
  An orc (D:5)
  A ball python (Sewer)
  5 giant cockroaches (D:5)
  5 quokkas (D:5)
  3 rats (Sewer)
16 creatures vanquished.

Notes
Turn   | Place    | Note
-------+----------+-------------------------------------------
     0 | D:5      | GordonOverkill the Mummy Delver began the quest for the
                  | Orb.
     0 | D:5      | Reached XP level 1. HP: 18/18 MP: 1/1
    21 | D:6      | Noticed a phantom
    31 | D:5      | Noticed a phantom
   153 | D:5      | Noticed a scorpion
   179 | D:5      | Noticed a scorpion
   211 | D:5      | Reached XP level 2. HP: 12/24 MP: 2/2
   410 | D:5      | Found a glowing drain.
   602 | Sewer    | Entered a sewer
  1086 | D:5      | Slain by an iguana

Illustrated notes

Levels and vault maps discovered:
D:5:      layout_basic, serial_rivers, chequers_serial_rivers_micro_c,
          chequers_serial_rivers_micro_d, chequers_serial_rivers_marsh,
          chequers_serial_rivers_micro_a, gup_sewer_entry_pipe
D:6:      layout_loops_corners, nicolae_overflow_hallway_of_the_gods,
          nicolae_shop_clearance, uniq_edmund

Skill      XL: |  1  2 |
---------------+-------+-----
Short Blades   | 2 |  2.3
Fighting       | |  3.0
Dodging        | |  1.5
Stealth        | |  4.5

Action                     || total
---------------------------++-------
  Melee: Short sword       ||   137
    Use: Scroll            ||     2
   Stab: Sleeping          ||     1
 Armour: Leather armour    ||    24
  Dodge: Dodged            ||    65

Table legend: (Time is in decaauts)
 A = Elapsed time spent in this place.
 B = Non-inter-level travel time spent in this place.
 C = Inter-level travel time spent in this place.
 D = Time resting spent in this place.
 E = Time spent auto-exploring this place.
 F = Levels seen in this place.
 G = Mean time per level.
                   A        B        C        D        E       F      G
               +--------+--------+--------+--------+--------+-----+--------+
         Total |   1108 |   1085 |     23 |    406 |      0 |   3 |  369.3 |
       Dungeon |    866 |    843 |     23 |    278 |      0 |   2 |  433.0 |
         Sewer |    241 |    241 |      0 |    128 |      0 |   1 |  241.0 |
               +--------+--------+--------+--------+--------+-----+--------+

Top non-repeatable levels by time:
     D:5: 840 daAuts
   Sewer: 241 daAuts
     D:6: 26 daAuts
